 Dungeon Crawl Stone Soup version 0.30-b1-2-g02819fbbbe (webtiles) character file.

Game seed: 4313804237445933317

4839 ventricule the Basher (level 10, -2/79 HPs)
             Began as a Minotaur Delver on May 6, 2023.
             Was the Champion of Uskayaw.
             Slain by an ice beast (12 damage)
             ... on level 7 of the Dungeon.
             The game lasted 00:11:04 (6073 turns).

ventricule the Basher (Minotaur Delver)             Turns: 6073, Time: 00:11:05

Health: -2/79      AC: 10    Str: 22    XL:     10   Next: 25%
Magic:  9/9        EV: 12    Int:  7    God:    Uskayaw [******]
Gold:   175        SH:  5    Dex: 13    Spells: 9/9 levels left

rFire   + . .        s - +9 mace of Compassion {freeze, Str+6}
rCold   . . .        (no shield)
rNeg    . . .        j - +3 leather armour of Imperfection {rElec rPois rF+ Will+ Str-4}
rPois   +            (helmet restricted)
rElec   +            (no cloak)
rCorr   .            (no gloves)
SInv    .            i - +1 pair of boots
Will    +....        x - amulet of reflection
Stlth   ++           m - ring of flight
HPRegen 0.33/turn    (no ring)
MPRegen 0.11/turn

%: reflection
@: flying
A: horns 2, retaliatory headbutt
a: Renounce Religion, Stomp, Line Pass, Grand Finale


You were on level 7 of the Dungeon.
You worshipped Uskayaw.
Uskayaw was noncommittal.
You visited 1 branch of the dungeon, and saw 7 of its levels.
You also visited: Sewer.

You collected 290 gold pieces.
You spent 115 gold pieces at shops.

Inventory:

Hand Weapons
 a - a +1 hand axe
 s - the +9 mace of Compassion (weapon) {freeze, Str+6}
   (You found it on level 2 of the Dungeon)

   Str:       It affects your strength (+6).
Missiles
 A - 4 curare-tipped darts (quivered)
Armour
 b - a +0 leather armour
 i - a +1 pair of boots (worn)
 j - the +3 leather armour of Imperfection (worn) {rElec rPois rF+ Will+ Str-4}
   (You found it on level 5 of the Dungeon)

   Str:       It affects your strength (-4).
   rF:        It protects you from fire.
   rElec:     It insulates you from electricity.
   rPois:     It protects you from poison.
   Will:      It increases your willpower.
Jewellery
 m - a ring of flight (left hand)
 x - an amulet of reflection (around neck)
Wands
 g - a wand of digging (3)
 p - a wand of paralysis (11)
 t - a wand of light (15)
Scrolls
 c - 3 scrolls of fog
 d - a scroll of magic mapping
 k - 5 scrolls of identify
 l - 6 scrolls of teleportation
 n - 3 scrolls of blinking
 u - a scroll of amnesia
 w - 2 scrolls of enchant weapon
 y - 3 scrolls of fear
Potions
 e - 4 potions of flight
 f - 2 potions of haste
 h - 8 potions of curing
 o - 2 potions of heal wounds {unknown}
 q - 2 potions of resistance {unknown}
 r - a potion of ambrosia {unknown}
 v - a potion of mutation {unknown}
 z - 3 potions of lignification {unknown}


   Skills:
 - Level 4.2 Fighting
 - Level 6.0(9.7) Axes
 + Level 11.7(12.3) Maces & Flails
 + Level 11.6 Armour
 - Level 3.0 Dodging
 - Level 4.5 Stealth


You had 9 spell levels left.
You didn't know any spells.
Your spell library contained the following spells:

 Spells                   Type           Power      Damage    Failure   Level
 Kiss of Death            Conj/Necr      0%         2d5       45%         1
 Ensorcelled Hibernation  Hex/Ice        0%         N/A       61%         2
 Confusing Touch          Hex            0%         N/A       83%         3
 Spider Form              Tmut/Pois      0%         N/A       83%         3
 Anguish                  Hex/Necr       0%         N/A       99%         4
 Dispel Undead            Necr           0%         3d6       99%         4


Dungeon Overview and Level Annotations

Branches:
Dungeon (7/15)             Temple (0/1) D:7           Sewer (visited)

Altars:
Cheibriados
Fedhas
Gozag
Uskayaw
Yredelemnul
The Shining One

Shops:
D:2 ?   D:5 [

Annotations:
D:7 1 transporter, exclusion: ice statue


Innate Abilities, Weirdness & Mutations

You have a pair of horns on your head.
You reflexively headbutt those who attack you in melee.


Message History

You feel sick. The kobold brigand misses you.
You sock the kobold brigand! You freeze the kobold brigand.
You kill the kobold brigand!
You feel sick.
Uskayaw prepares the audience for your solo!
The helpless orc fails to defend itself.
You hit the orc. You freeze the orc.
You kill the orc!
You feel sick.
Items here: $ ( )) [[.
The helpless orc fails to defend itself.
You bludgeon the orc!! You freeze the orc.
You kill the orc!
You feel sick.
You barely miss the iguana.
The bullfrog gives a loud, deep croak!
You headbutt the iguana!
The iguana is heavily wounded.
You feel yourself slow down.
You feel sick.
You are no longer poisoned.
The iguana bites you.
* * * LOW HITPOINT WARNING * * *
Uskayaw prepares the audience for your solo!
The helpless iguana fails to defend itself.
You bludgeon the iguana!! You freeze the iguana.
You kill the iguana!
The ice beast is no longer paralysed.
The gnoll bouda closely misses you.
The ice beast hits you but does no damage.
Items here: ( ) [ †.
You hit the ice beast.
The ice beast is lightly wounded.
The gnoll bouda hits you but does no damage.
Items here: $ ( )) [[.
You hit the ice beast but do no damage.
The ice beast is lightly wounded.
The ice beast hits you.
* * * LOW HITPOINT WARNING * * *
The ice beast freezes you!
You die...

##).#.#..##....#.~#.#..##..#
#..#.#..#....?#..#©#..####.
#..#.#..##...##..#.#..# ##
#..##.$~.##.##.~..##..# #
##..##..#.##..#~.##..## #
##..##8.g...~~8##..## ###
##..##.F~....##..## ###..
##..##Y###.##..## ##...#
##..##@©.##.)#####..###
##..#####..###....##
##...©...## #.#######
##.....## #........
###.#######........
#...........##.#.
#########....#.#. #...#....
#...##...


You could see an ice beast, a bullfrog and a gnoll bouda.

Vanquished Creatures
  A boulder beetle (D:7)
  A two-headed ogre (D:7)
  The ghost of dorian the Skirmisher, a novice BaHu of Okawaru (D:7)
  A hornet (D:7)
  Sigmund (D:2)
  A wyvern (D:7)
  A steam dragon (D:7)
  Menkaure (D:6)
  2 water moccasins (D:7)
  A sky beast (D:6)
  3 ice beasts
  An ogre (D:4)
  2 phantoms (D:6)
  A kobold brigand (D:7)
  2 bullfrogs
  A scorpion (D:5)
  5 wights (D:7)
  3 killer bees (D:7)
  2 jellies
  4 hounds
  An iron imp (D:7)
  A sleepcap (D:4)
  Natasha (thrice) (D:2)
  8 iguanas
  2 orc wizards
  A sickly merfolk siren (Sewer)
  A malarious merfolk avatar (Sewer)
  4 gnolls
  14 adders
  2 shadow imps (D:7)
  2 white imps (D:6)
  An ufetubus (D:6)
  2 worms (D:4)
  A dart slug (D:5)
  12 orcs
  3 endoplasms
  6 giant cockroaches
  8 goblins
  8 hobgoblins
  13 jackals
  5 quokkas
  13 ball pythons
  6 bats
  3 frilled lizards
  2 goblin zombies (D:7)
  3 hobgoblin zombies (D:7)
  3 kobolds
  A kobold skeleton (D:7)
  A kobold zombie (D:7)
  27 rats
192 creatures vanquished.

Notes
Turn   | Place    | Note
-------+----------+-------------------------------------------
     0 | D:5      | ventricule the Minotaur Delver began the quest for the Orb.
     0 | D:5      | Reached XP level 1. HP: 19/19 MP: 0/0
    69 | D:5      | Identified the +3 leather armour of Imperfection {rElec
                  | rPois rF+ Will+ Str-4}
    89 | D:4      | Noticed an orc wizard
    89 | D:4      | Noticed a jelly
   117 | D:4      | Found a glowing drain.
   126 | Sewer    | Entered a sewer
   132 | Sewer    | Reached XP level 2. HP: 27/27 MP: 1/1
   208 | Sewer    | Reached XP level 3. HP: 33/33 MP: 2/2
   332 | Sewer    | Reached XP level 4. HP: 40/40 MP: 3/3
   594 | D:4      | Found a snail-covered altar of Cheibriados.
   615 | D:4      | Reached skill level 5 in Axes
   615 | D:4      | Reached XP level 5. HP: 18/46 MP: 4/4
   830 | D:2      | Noticed Natasha
   838 | D:2      | Killed Natasha
  1577 | D:2      | Identified the +9 mace of Compassion {freeze, Str+6}
  1606 | D:2      | Noticed Sigmund
  1607 | D:2      | Reached skill level 1 in Maces & Flails
  1619 | D:2      | Killed Sigmund
  1620 | D:2      | Reached XP level 6. HP: 26/52 MP: 5/5
  1760 | D:2      | Noticed Natasha
  1766 | D:2      | Killed Natasha
  2053 | D:2      | Found Suntushry's Magic Scroll Boutique.
  2056 | D:2      | Bought a scroll of teleportation for 33 gold pieces
  2056 | D:2      | Bought a scroll of blinking for 82 gold pieces
  2135 | D:2      | Noticed Natasha
  2144 | D:2      | Killed Natasha
  2244 | D:3      | Found a basalt altar of Yredelemnul.
  2308 | D:3      | Found a faded altar of an unknown god.
  2325 | D:3      | Prayed at the altar of an unknown god.
  2325 | D:3      | Became a worshipper of Uskayaw the Reveller
  2325 | D:3      | Reached * piety under Uskayaw
  2441 | D:3      | Reached XP level 7. HP: 56/59 MP: 6/6
  2443 | D:3      | Reached ** piety under Uskayaw
  2758 | D:4      | Reached *** piety under Uskayaw
  2879 | D:4      | Reached **** piety under Uskayaw
  3067 | D:4      | Reached skill level 5 in Maces & Flails
  3197 | D:4      | Found a blossoming altar of Fedhas.
  3197 | D:4      | Found an opulent altar of Gozag.
  3309 | D:5      | Reached skill level 5 in Armour
  3492 | D:5      | Found Wuagaew's Armour Boutique.
  4010 | D:6      | Noticed Menkaure
  4018 | D:6      | Killed Menkaure
  4019 | D:6      | Reached XP level 8. HP: 52/66 MP: 7/7
  4026 | D:6      | Reached ***** piety under Uskayaw
  4929 | D:7      | Noticed a boulder beetle
  4956 | D:7      | Found a transporter.
  4962 | D:7      | Noticed an ice statue
  4974 | D:7      | Noticed dorian's ghost (novice BaHu)
  4976 | D:7      | Found a transporter.
  4991 | D:7      | Reached XP level 9. HP: 71/71 MP: 8/8
  5015 | D:7      | Found a glowing golden altar of the Shining One.
  5332 | D:7      | Found a staircase to the Ecumenical Temple.
  5332 | D:7      | Noticed a two-headed ogre
  5340 | D:7      | Killed a two-headed ogre
  5341 | D:7      | Reached skill level 10 in Maces & Flails
  5341 | D:7      | Reached skill level 10 in Armour
  6021 | D:7      | Killed dorian's ghost
  6022 | D:7      | Reached XP level 10. HP: 45/79 MP: 9/9
  6042 | D:7      | Reached ****** piety under Uskayaw
  6052 | D:7      | Killed a boulder beetle
  6073 | D:7      | Slain by an ice beast

Illustrated notes

Levels and vault maps discovered:
D:1:      dpeg_arrival_rooms_b, layout_rooms, minmay_misc_feat_four_crosses,
          grunt_decor_fettered, minmay_misc_feat_tower, feat_on_display
D:2:      layout_loops_ring, serial_shops, nicolae_shop_rolled_up, uniq_sigmund,
          uniq_natasha
D:3:      layout_loops_ring, mainiacjoe_overflow_six_doors_small,
          hellmonk_ecumenical_altar_crossroads
D:4:      layout_cave_pools, gammafunk_temple_overflow_elements,
          lemuel_doored_altar, cheibrodos_sewer_entry_drain,
          chequers_serial_rivers_room_b, hangedman_decor_slide_cut,
          minmay_close_crescents
D:5:      layout_basic, serial_shops, shop
D:6:      layout_cave_pools, minmay_puff, uniq_menkaure
D:7:      layout_layer_cave, nicolae_tso_besieged_by_evil,
          minmay_temple_entry_fiery, nzn_ghost_randoct

Skill      XL: |  1  2  3  4  5  6  7  8  9 |
---------------+----------------------------+-----
Fighting       | 4 |  4.2
Axes           | 3 5 6 |  6.0
Dodging        | 3 |  3.0
Maces & Flails | 3 6 8 11 | 11.7
Armour         | 2 3 6 8 11 | 11.6
Stealth        | |  4.5

Action                     |  1- 3 |  4- 6 |  7- 9 | 10-12 || total
---------------------------+-------+-------+-------+-------++-------
  Melee: Hand axe          |    44 |   136 |       |       ||   180
         Headbutt          |     3 |    23 |    30 |    13 ||    69
         Mace              |       |    44 |   172 |    45 ||   261
         Punch             |       |       |     5 |       ||     5
    Use: Scroll            |     1 |     5 |     3 |       ||     9
         Potion            |       |       |     1 |       ||     1
   Stab: Sleeping          |     2 |    12 |     3 |       ||    17
         Distracted        |     1 |       |     1 |       ||     2
         Paralysed         |       |       |     6 |     3 ||     9
 Armour: Leather armour    |    20 |    66 |    42 |     8 ||   136
  Dodge: Dodged            |    35 |   124 |    76 |    10 ||   245
  Block: Other             |       |       |    17 |     2 ||    19
